 Dungeon Crawl Stone Soup version 0.22-a0-772-gac08f70 (webtiles) character file.

148 Mamutox the Chopper (level 5, -5/48 HPs)
             Began as an Ogre Chaos Knight on July 17, 2018.
             Killed by nerve-wracking pain
             ... invoked by an orc priest
              (10 damage)
             ... on level 4 of the Dungeon.
             The game lasted 00:05:00 (1857 turns).

Mamutox the Chopper (Ogre Chaos Knight)             Turns: 1857, Time: 00:05:02

Health: -5/48      AC:  8    Str: 16    XL:     5   Next: 30%
Magic:  5/5        EV: 10    Int: 11    God:    Xom [..*...]
Gold:   206        SH:  0    Dex:  9    Spells: 4/4 levels left

rFire    . . .     SeeInvis .   a - +0 hand axe (chaos)
rCold    . . .     Gourm    .   (no shield)
rNeg     . . .     Faith    .   b - +2 robe
rPois    .         Spirit   .   (helmet restricted)
rElec    .         Reflect  .   k - +2 cloak
rCorr    .         Harm     .   (gloves unavailable)
MR       .....                  (boots unavailable)
Stlth    +.........             (no amulet)
HPRegen  0.16/turn              (no ring)
MPRegen  0.09/turn              (no ring)

@: no status effects
A: large, unfitting armour, dopey 1, frail 1, tough skin 1
a: Renounce Religion


You were on level 4 of the Dungeon.
You worshipped Xom.
You were a toy of Xom.
You were not hungry.

You visited 1 branch of the dungeon, and saw 4 of its levels.

You collected 206 gold pieces.

Inventory:

Hand Weapons
 a - a +0 hand axe of chaos (weapon)
Armour
 b - a +2 robe (worn)
 k - a +2 cloak (worn)
Wands
 i - a wand of iceblast (7)
Scrolls
 d - 2 scrolls of teleportation
 f - a scroll of random uselessness {unknown}
 g - a scroll of remove curse {unknown}
 h - a scroll of blinking {unknown}
 n - a scroll of enchant weapon {unknown}
Potions
 e - 3 potions of curing {unknown}
 j - a potion of brilliance {unknown}
 l - 2 potions of degeneration {unknown}
 m - a potion of ambrosia {unknown}
Comestibles
 c - 4 rations
 o - a chunk of flesh


   Skills:
 - Level 4.0 Fighting
 + Level 5.6 Axes
 - Level 2.1 Dodging
 - Level 1.0 Stealth


You had 4 spell levels left.
You didn't know any spells.
Your spell library was empty.

Dungeon Overview and Level Annotations

Branches:
Dungeon (4/15)
 Temple: D:4-7

Altars:


Innate Abilities, Weirdness & Mutations

You are too large for most types of armour.
You have tough skin. (AC +1)
You are dopey. (Int -2)
You are frail. (-10% HP)


Message History

You barely miss the orc priest. The orc priest hits you with a war axe.
The orc priest blocks your attack.
The orc priest invokes the aid of Beogh against you.
Beogh smites you!
The howler monkey howls!
The hound barks!
You hit the orc priest but do no damage.
The orc priest calls down the wrath of Beogh upon you.
Pain shoots through your body!
You hit the orc priest but do no damage.
Frost covers the orc priest's body.
The howler monkey hoots and howls with incredible vigour!
The orc priest hits you with a war axe!
* * * LOW HITPOINT WARNING * * *
You barely miss the orc priest. You barely miss the hound.
The hound closely misses you.
The orc priest invokes the aid of Beogh against you.
Pain shoots through your body!
You die...
Xom thinks this is hilarious!

## ....... #.
.......
#####.#.......
#..?.h........
#.......<.....
#.......s..>..
#.....o.......
#....h@.......
#.....>..#####
#....######
#... ... .#


You could see a howler monkey, a hound, an orc priest and a giant cockroach.

Vanquished Creatures
  2 worker ant zombies (D:3)
  A howler monkey skeleton (D:3)
  4 adders
  An adder zombie (D:3)
  3 worms (D:2)
  4 dart slugs (D:1)
  A leopard gecko (D:2)
  An orc (D:3)
  3 ball pythons
  A giant cockroach (D:1)
  4 goblins
  11 hobgoblins
  7 kobolds
  2 quokkas (D:2)
  6 bats
  7 frilled lizards
  7 rats
  3 fungi (D:2)
68 creatures vanquished.

Vanquished Creatures (collateral kills)
  A bat (D:1)
1 creature vanquished.

Grand Total: 69 creatures vanquished

Notes
Turn   | Place    | Note
-------+----------+-------------------------------------------
     0 | D:1      | Mamutox the Ogre Chaos Knight began the quest for the Orb.
     0 | D:1      | Reached XP level 1. HP: 24/24 MP: 1/1
    32 | D:1      | XOM: potion effect (agility)
    53 | D:1      | Reached XP level 2. HP: 32/32 MP: 2/2
    86 | D:1      | XOM: divination: detect creatures
   254 | D:1      | Reached XP level 3. HP: 30/39 MP: 3/3
   258 | D:1      | Reached skill level 4 in Axes
   398 | D:1      | XOM: silly message
   842 | D:2      | Reached skill level 1 in Stealth
   842 | D:2      | Reached XP level 4. HP: 32/48 MP: 4/4
  1092 | D:2      | XOM: harmless Ice miscast
  1385 | D:2      | Reached skill level 5 in Axes
  1579 | D:2      | XOM: give mutations
  1579 | D:2      | Gained mutation: You are frail. (-10% HP) [Xom's mischief]
  1579 | D:2      | Gained mutation: You are dopey. (Int -2) [Xom's mischief]
  1639 | D:3      | Reached XP level 5. HP: 33/48 MP: 5/5
  1655 | D:3      | XOM: mild Chrm miscast
  1846 | D:3      | XOM: fog
  1857 | D:4      | Killed from afar by an orc priest

Vault maps used:
D:1:      nicolae_arrival_washed_ashore
D:2:      minmay_gold_behind_fungi, serial_bayou_pond_c
D:3:      old_standard_altar, first_ration, serial_undead, serial_undead_f,
          serial_undead_a, serial_undead_e, serial_undead_d
D:4:      kennysheep_little_box, marbit_many_paths, cheibriados_altar_1,
          minmay_liquid_box, minmay_vboxes

Skill      XL: |  1  2  3  4 |
---------------+-------------+-----
Axes           | 4 5 |  5.6
Stealth        | 1 |  1.0
Fighting       | |  4.0
Dodging        | |  2.1

Action                   |  1- 3 |  4- 6 || total
-------------------------+-------+-------++-------
Melee: Hand axe          |    94 |   118 ||   212
  Use: Scroll            |       |     1 ||     1
 Stab: Paralysed         |     3 |     7 ||    10
       Sleeping          |     2 |     1 ||     3
       Petrifying        |       |     1 ||     1
       Petrified         |       |     1 ||     1
       Confused          |       |     1 ||     1
  Eat: Chunk             |       |     3 ||     3
Armor: Robe              |    39 |    35 ||    74
Dodge: Dodged            |    52 |    50 ||   102

Table legend:
 A = Spawn XP
 B = Non-spawn XP
 C = Spawn XP percentage of total XP
 D = Spawn monster count
 E = Non-spawn monster count
 F = Spawn count percentage of total count
 G = Total turns spent on level
                    A         B        C        D         E        F      G
               +---------+---------+-------+---------+---------+-------+---------
         Total |       0 |     212 |   0.0 |       0 |      66 |   0.0 |  1857
               +---------+---------+-------+---------+---------+-------+---------
           D:1 |       0 |      60 |   0.0 |       0 |      32 |   0.0 |   751
           D:2 |       0 |      77 |   0.0 |       0 |      21 |   0.0 |   833
           D:3 |       0 |      75 |   0.0 |       0 |      13 |   0.0 |   268
               +---------+---------+-------+---------+---------+-------+---------
